 Dungeon Crawl Stone Soup version 0.25.0-46-gbd7b0854d2 (webtiles) character file.

Game seed: 17788084858379813958

30 Ethylacetat the Gusty (level 3, -4/21 HPs)
             Began as an Octopode Air Elementalist on July 14, 2020.
             Slain by Sigmund
             ... wielding a +2 scythe of venom
              (11 damage)
             ... on level 2 of the Dungeon.
             The game lasted 00:02:00 (862 turns).

Ethylacetat the Gusty (Octopode Air Elementalist)    Turns: 862, Time: 00:02:01

Health: -4/21      AC:  1    Str:  7    XL:     3   Next: 20%
Magic:  1/6        EV: 13    Int: 18    God:
Gold:   44         SH:  0    Dex: 12    Spells: 5/6 levels left

rFire    . . .     SeeInvis .   e - +0 dagger
rCold    . . .     Gourm    .   (no shield)
rNeg     . . .     Faith    .   (helmet restricted)
rPois    .         Spirit   .   (no amulet)
rElec    .         Reflect  .   (no ring)
rCorr    .         Harm     .   (no ring)
MR       .....                  (no ring)
Stlth    +++.......             (no ring)
HPRegen  0.07/turn              (no ring)
MPRegen  0.10/turn              (no ring)
                                (no ring)
                                (no ring)

@: lethally poisoned (-4 -> -11)
A: almost no armour, stealthy swim, amphibious, 8 rings, constrict 8, camouflage
1, gelatinous body 1
a: no special abilities


You were on level 2 of the Dungeon.
You were not hungry.

You visited 1 branch of the dungeon, and saw 2 of its levels.

You collected 44 gold pieces.

Inventory:

Hand Weapons
 e - a +0 dagger (weapon)
Jewellery
 f - an uncursed ring of protection from fire
Scrolls
 d - a scroll of immolation {unknown}
 g - a scroll of identify {unknown}
Potions
 a - a potion of mutation {unknown}
Comestibles
 b - 3 rations
 c - 6 chunks of flesh


   Skills:
 - Level 2.0 Dodging
 - Level 2.6 Stealth
 + Level 2.2 Spellcasting
 * Level 2.0 Conjurations
 * Level 3.5 Air Magic


You had 5 spell levels left.
You knew the following spells:

 Your Spells              Type           Power        Failure   Level  Hunger
a - Shock                 Conj/Air       ##..         5%          1    #......

Your spell library contained the following spells:

 Spells                   Type           Power        Failure   Level  Hunger
 Swiftness                Chrm/Air       #.......     13%         2    ##.....
 Static Discharge         Conj/Air       ##......     17%         3    ###....
 Airstrike                Air            ##........   38%         4    #####..
 Lightning Bolt           Conj/Air       ##........   83%         5    ######.


Dungeon Overview and Level Annotations

Branches:
Dungeon (2/15)

Altars:

Annotations:
D:2 Sigmund


Innate Abilities, Weirdness & Mutations

You cannot wear most types of armour.
You are very stealthy in the water. (Stealth+)
You are amphibious.
You can wear up to eight rings at the same time.
You can use your tentacles to constrict eight enemies at once.
Your skin changes colour to match your surroundings (Stealth+).
Your rubbery body absorbs attacks. (AC +1, EV +1)


Message History

Confirm with . or Enter, or press ? or * to list all spells.
Aiming: Shock (safe; 5% risk of failure)
Press: ? - help, Shift-Dir - straight line The zap hits Sigmund.
Sigmund is heavily wounded.
The zap misses Sigmund.
You feel sick.
Sigmund gestures wildly while chanting.
Sigmund flickers and vanishes!
Deactivating autopickup; reactivate with Ctrl-A.
Casting: Shock (safe; 5% risk of failure)
Confirm with . or Enter, or press ? or * to list all spells.
You can't see any susceptible monsters within range! (Use Z to cast anyway.) Unknown command.
Casting: Shock (safe; 5% risk of failure)
Confirm with . or Enter, or press ? or * to list all spells.
Aiming: Shock (safe; 5% risk of failure)
Press: ? - help, Shift-Dir - straight line The zap hits something.
Something hits you!
Ouch! That really hurt!
You die...

#.. #.# ##
#.# ##.. #.#
....S
#.####.....
#.#........
##
#.#........
..
#@#.@......
#.#.#........
#..<{........
#####........
.........
....#####
#....# #.####
#.


There were no monsters in sight!

Vanquished Creatures
  A gnoll (D:1)
  A dart slug (D:1)
  4 bats
  2 giant cockroaches (D:1)
  4 hobgoblins (D:1)
  3 kobolds (D:1)
  A ball python (D:1)
  A frilled lizard (D:1)
  A rat (D:1)
18 creatures vanquished.

Notes
Turn   | Place    | Note
-------+----------+-------------------------------------------
     0 | D:1      | Ethylacetat the Octopode Air Elementalist began the quest
                  | for the Orb.
     0 | D:1      | Reached XP level 1. HP: 11/11 MP: 3/3
   374 | D:1      | Reached XP level 2. HP: 17/17 MP: 5/5
   659 | D:1      | Reached XP level 3. HP: 10/21 MP: 3/6
   851 | D:2      | Noticed Sigmund
   862 | D:2      | Slain by Sigmund

Illustrated notes

Levels and vault maps discovered:
D:1:      dpeg_arrival_pits, layout_rooms
D:2:      layout_basic, nicolae_overflow_hidden_temple, minitemple,
          chequers_ecumenical_altar_simple, corexii_corridor_pit, uniq_sigmund

Skill      XL: |  1  2 |
---------------+-------+-----
Conjurations   | 2 |  2.0
Dodging        | |  2.0
Stealth        | |  2.6
Spellcasting   | |  2.2
Air Magic      | |  3.5

Action                   || total
-------------------------++-------
Melee: Unarmed           ||    26
       Tentacles         ||     8
       Constrict         ||    10
       Dagger            ||     5
 Cast: Shock             ||    13
 Stab: Sleeping          ||     6
Armor: Skin              ||     4
Dodge: Dodged            ||    15
